 Dungeon Crawl Stone Soup version 0.20-a0-3-g334f831 (webtiles) character file.

63872 JeffiDaFish the Bludgeoner (level 15, -6/92 HPs)
             Began as a Gargoyle Fighter on Oct 31, 2016.
             Was the Champion of Makhleb.
             Mangled by an entropy weaver (12 damage)
             ... on level 2 of the Spider Nest.
             The game lasted 00:54:20 (17691 turns).

JeffiDaFish the Bludgeoner (Gargoyle Fighter)      Turns: 17691, Time: 00:54:21

Health: -6/92      AC: 10    Str: 33      XL:     15   Next: 11%
Magic:  16/24      EV:  8    Int:  5 (8)  God:    Makhleb [******]
Gold:   1378       SH: 25    Dex: 10      Spells: 0 memorised, 14 levels left

rFire  + + .     SeeInvis .     h - +10 mace of Xiugriz {pain, rPois rC- MP+9 Str+4}
rCold  . . .     Gourm    .     j - +2 gold dragon scales
rNeg   + . .     Faith    .     u - +0 large shield
rPois  ∞         Spirit   .     e - +0 helmet
rElec  +         Reflect  +     x - +2 cloak {rF+}
rCorr  .         Harm     .     (no gloves)
MR     +....                    (no boots)
Stlth  ..........               k - +5 amulet of reflection
                                F - +3 ring of protection
                                t - +4 ring of evasion

@: mighty, corroded, flying
A: big wings, dopey 1, negative energy resistance 1, electricity resistance,
unbreathing, petrification resistance, rot immunity, subdued magic 1, AC +11
a: Stop Flying, Minor Destruction, Lesser Servant of Makhleb, Major Destruction,
Greater Servant of Makhleb, Renounce Religion


You were on level 2 of the Spider Nest.
You worshipped Makhleb.
Makhleb was exalted by your worship.
You were not hungry.

You visited 3 branches of the dungeon, and saw 16 of its levels.
You also visited: Volcano.

You collected 1378 gold pieces.

Inventory:

Hand Weapons
 h - the +10 mace of Xiugriz (weapon) {pain, rPois rC- MP+9 Str+4}
   (You found it on level 7 of the Dungeon)

   In the hands of one skilled in necromantic magic, it inflicts extra damage on
   living creatures.
   It affects your strength (+4).
   It makes you vulnerable to cold.
   It protects you from poison.
   It affects your magic capacity (+9).
 y - the +6 long sword "Bauxuck" {antimagic, rElec}
   (You found it on level 8 of the Dungeon)

   It reduces the magical energy of the wielder, and disrupts the spells and
   magical abilities of those hit.
   Natural abilities and divine invocations are not affected.
   It insulates you from electricity.
Armour
 e - a +0 helmet (worn)
 j - +2 gold dragon scales (worn)
 u - a +0 large shield (worn)
 x - a +2 cloak of fire resistance (worn)
Jewellery
 d - an uncursed ring of ice
 k - a +5 amulet of reflection (around neck)
 t - a +4 ring of evasion (left hand)
 z - an uncursed ring of stealth {unknown}
 F - a +3 ring of protection (right hand)
 M - a cursed -3 ring of protection
Wands
 c - a wand of disintegration (10/24)
 o - a wand of paralysis (13/24)
 E - a wand of paralysis (9/24)
 G - a wand of iceblast (10/15)
Scrolls
 a - a scroll of enchant weapon
 b - a scroll of fear
 l - 6 scrolls of magic mapping
 m - 16 scrolls of identify
 p - 6 scrolls of remove curse
 s - 2 scrolls of amnesia
 C - a scroll of recharging
Potions
 i - 4 potions of curing
 r - 4 potions of flight
 v - 3 potions of brilliance
 H - 4 potions of agility
Books
 q - a book of Conjurations

   Spells                             Type                      Level
   a - Magic Dart                     Conjuration                  1
   b - Searing Ray                    Conjuration                  2
   c - Dazzling Spray                 Conjuration/Hexes            3
   d - Fulminant Prism                Conjuration/Hexes            4
   e - Iskenderun's Mystic Blast      Conjuration                  4
   f - Iskenderun's Battlesphere      Conjuration/Charms           5
 w - a book of Battle

   Spells                             Type                      Level
   a - Infusion                       Charms                       1
   b - Shroud of Golubria             Charms/Translocation         2
   c - Song of Slaying                Charms                       2
   d - Spectral Weapon                Hexes/Charms                 3
   e - Regeneration                   Charms/Necromancy            3
 J - a book of Frost

   Spells                             Type                      Level
   a - Freeze                         Ice                          1
   b - Throw Frost                    Conjuration/Ice              2
   c - Ozocubu's Armour               Charms/Ice                   3
   d - Throw Icicle                   Conjuration/Ice              4
   e - Summon Ice Beast               Ice/Summoning                4
 K - a book of Summonings

   Spells                             Type                      Level
   a - Recall                         Summoning/Translocation      3
   b - Aura of Abjuration             Summoning                    5
   c - Summon Demon                   Summoning                    5
   d - Summon Forest                  Summoning/Translocation      5
   e - Summon Mana Viper              Hexes/Summoning              5
   f - Shadow Creatures               Summoning                    6
Comestibles
 f - 4 bread rations
 g - 2 slices of pizza
 n - 5 meat rations
 B - 6 royal jellies
 D - 2 beef jerkies
 I - 10 fruits


   Skills:
 + Level 10.1 Fighting
   Level 7.2 Short Blades
 - Level 17.9 Maces & Flails
 + Level 10.3 Armour
 - Level 0.7 Dodging
 - Level 0.2 Stealth
 + Level 12.3 Shields


You had 14 spell levels left.
You didn't know any spells.

Dungeon Overview and Level Annotations

Branches:
Dungeon (8/15)             Temple (0/1) D:7            Lair (6/6) D:8
  Swamp (0/4) Lair:2       Spider (2/4) Lair:4        Slime (0/5) Lair:6

Altars:
Makhleb
Xom
The Shining One

Shops:
D:8 %


Innate Abilities, Weirdness & Mutations

You are resistant to torment.
Your stone body is resilient. (AC +11)
You are immune to poison.
Your large and strong wings let you fly indefinitely.
You resist negative energy. (rN+)
You are resistant to electric shocks. (rElec)
You can survive without breathing.
You are immune to petrification.
You are immune to rotting.
You are dopey. (Int -2)
Your spells are a little easier to cast, but a little less powerful.


Message History

* * * LOW HITPOINT WARNING * * *
The entropy weaver hits you!
* * * LOW HITPOINT WARNING * * *
You hit the entropy weaver but do no damage.
The entropy weaver is heavily wounded.
You hear a distant blaring wail to the north.
You block the entropy weaver's attack. The entropy weaver barely misses you.
The entropy weaver hits you.
* * * LOW HITPOINT WARNING * * *
You block the entropy weaver's attack.
You hit the entropy weaver but do no damage.
The entropy weaver is heavily wounded.
You block the entropy weaver's attack. The entropy weaver hits you!
* * * LOW HITPOINT WARNING * * *
The entropy weaver hits you but does no damage. x2
You barely miss the entropy weaver.
The entropy weaver is heavily wounded.
You block the entropy weaver's attack. The entropy weaver closely misses you.
The entropy weaver hits you!
You die...

#. #. . ###.. .# .# . .#.
....#.#. # .^ .#
...##.....#. . ##. .# #
#.#..#. ##..##. ..#..
#.#.##...##....^##a..#
...........#..#.@#†#.
#.^#...#†#..#.!..a#..#
..#^.#..#.#...#.#..#.
^s.s##...#.#...#...###
#.#..##††#..#..#.#..^#
#.....<#.#.#..#...#..#
#..#...#.^.#....##..##.#^
#..##..#.#†.#^.#...#...
#... #..#......#.....#..


You could see an entropy weaver.

Vanquished Creatures
  An emperor scorpion (Spider:1)
  2 ghost moths (Spider:2)
  Fannar (Lair:3)
  The ghost of TwistedFlax the Bludgeoner, a journeyman GrBe of Trog (Lair:5)
  2 fire dragons (Lair:6)
  4 hydras
  An ogre mage (Volcano)
  5 death yaks (Lair:5)
  A hell knight (Volcano)
  The ghost of severen the Covert, a novice FoEn of Hepliaklqana (Lair:1)
  2 lindwurms
  A hill giant (D:8)
  6 wolf spiders
  4 orb spiders
  4 elephants (Lair:1)
  Maurice (D:8)
  3 black mambas
  7 torpor snails (Lair:6)
  12 spiny frogs
  10 komodo dragons
  4 demonic crawlers (Spider:1)
  3 rime drakes
  10 jumping spiders (Spider:1)
  4 tyrant leeches (Lair:6)
  A queen bee (D:8)
  8 hornets
  7 blink frogs
  A polar bear (D:8)
  Grinder (D:6)
  6 two-headed ogres (Volcano)
  11 dream sheep
  5 hippogriffs
  The ghost of Firebatgyro the Chucker, an amateur OgHu of Ru (D:3)
  Sigmund (D:6)
  A wyvern (Lair:4)
  7 tarantellas (Spider:2)
  Eustachio (D:6)
  26 yaks
  41 redbacks
  3 basilisks
  3 hogs (Spider:1)
  A hungry ghost (D:7)
  2 steam dragons (Lair:6)
  4 mottled dragons (Lair:6)
  10 water moccasins
  9 porcupines
  An orc warrior (D:7)
  A sky beast (D:7)
  An ice beast (D:8)
  4 phantoms
  3 ogres
  8 wolves
  15 crocodiles
  16 bullfrogs
  A scorpion (D:4)
  14 killer bees (D:8)
  4 howler monkeys
  2 electric eels (Lair:2)
  4 crimson imps
  A centaur zombie (D:7)
  Crazy Yiuf (D:7)
  A centaur skeleton (D:7)
  2 jellies
  2 orc wizards
  2 gnoll shamans
  5 hounds
  An iron imp (D:8)
  Jessica (D:2)
  7 iguanas
  Natasha (thrice) (D:4)
  4 worker ants
  A centaur simulacrum (D:8)
  A bullfrog simulacrum (D:8)
  A hound skeleton (D:4)
  13 adders
  11 gnolls
  A hound simulacrum (D:8)
  A white imp (D:8)
  An ufetubus (D:8)
  5 oozes (Lair:6)
  An adder zombie (D:6)
  4 worms
  2 dart slugs
  8 leopard geckos
  19 orcs
  5 giant cockroaches
  4 goblins
  8 hobgoblins
  4 jackals
  2 kobolds (D:3)
  10 quokkas
  A ball python (D:7)
  7 bats
  2 frilled lizards (D:3)
  2 hobgoblin zombies (D:8)
  A jackal simulacrum (D:8)
  A jackal skeleton (D:4)
  A kobold skeleton (D:8)
  3 orc skeletons (D:8)
  2 orc zombies (D:8)
  4 rats
  11 plants
481 creatures vanquished.

Vanquished Creatures (others)
  Kirke (Spider:1)
  A tarantella (Spider:1)
  3 humans (Spider:1)
  7 fungi (Lair:6)
  30 plants
42 creatures vanquished.

Grand Total: 523 creatures vanquished

Notes
Turn   | Place    | Note
-------+----------+-------------------------------------------
     0 | D:1      | JeffiDaFish the Gargoyle Fighter began the quest for the Orb.
     0 | D:1      | Reached XP level 1. HP: 14/14 MP: 1/1
   345 | D:1      | Reached XP level 2. HP: 19/19 MP: 2/2
   549 | D:1      | Reached XP level 3. HP: 23/23 MP: 3/3
  1259 | D:2      | Noticed Jessica
  1280 | D:2      | Killed Jessica
  1280 | D:2      | Reached XP level 4. HP: 26/28 MP: 4/4
  2211 | D:3      | Noticed Firebatgyro's ghost (amateur OgHu)
  2224 | D:3      | Killed Firebatgyro's ghost
  2224 | D:3      | Reached skill level 5 in Shields
  2224 | D:3      | Reached XP level 5. HP: 23/33 MP: 5/5
  2224 | D:3      | Reached XP level 6. HP: 26/38 MP: 6/6
  2444 | D:3      | Found a burning altar of Makhleb.
  2461 | D:3      | Became a worshipper of Makhleb the Destroyer
  3016 | D:4      | Reached * piety under Makhleb
  3023 | D:4      | Reached XP level 7. HP: 28/42 MP: 7/7
  3212 | D:4      | Noticed Natasha
  3225 | D:4      | Killed Natasha
  3435 | D:4      | Noticed Natasha
  3445 | D:4      | Killed Natasha
  3680 | D:4      | Noticed Natasha
  3689 | D:4      | Killed Natasha
  3988 | D:4      | Reached XP level 8. HP: 48/48 MP: 8/8
  4048 | D:5      | Entered Level 5 of the Dungeon
  4146 | D:5      | Reached skill level 5 in Short Blades
  4158 | D:5      | Reached skill level 5 in Armour
  4178 | D:5      | Reached ** piety under Makhleb
  4892 | D:6      | Noticed Grinder
  4902 | D:6      | Paralysed by Grinder for 6 turns
  4920 | D:6      | Paralysed by Grinder for 5 turns
  4942 | D:6      | Killed Grinder
  5010 | D:6      | Noticed a gargoyle
  5118 | D:6      | Noticed Eustachio
  5163 | D:6      | Killed Eustachio
  5276 | D:6      | Noticed Sigmund
  5276 | D:6      | Reached skill level 5 in Fighting
  5341 | D:6      | Killed Sigmund
  5341 | D:6      | Reached XP level 9. HP: 34/54 MP: 9/9
  6912 | D:7      | Found a staircase to the Ecumenical Temple.
  7279 | D:7      | Found a runed door.
  7283 | D:7      | Noticed Crazy Yiuf
  7293 | D:7      | Killed Crazy Yiuf
  7299 | D:7      | Got a pitted mace
  7300 | D:7      | Identified the +10 mace of Xiugriz {pain, rPois rC- MP+9 Str+4} (You found it on level 7 of the Dungeon)
  7701 | D:7      | Reached skill level 1 in Maces & Flails
  7760 | D:7      | Reached *** piety under Makhleb
  7817 | D:8      | Reached skill level 2 in Maces & Flails
  7821 | D:8      | Noticed a queen bee
  7837 | D:8      | Killed a queen bee
  7837 | D:8      | Reached skill level 3 in Maces & Flails
  7852 | D:8      | Reached skill level 4 in Maces & Flails
  7856 | D:8      | Reached XP level 10. HP: 52/60 MP: 10/10
  7886 | D:8      | Reached skill level 5 in Maces & Flails
  7961 | D:8      | Reached skill level 6 in Maces & Flails
  7964 | D:8      | Got a bloodstained long sword
  7965 | D:8      | Identified the +6 long sword "Bauxuck" {antimagic, rElec} (You found it on level 8 of the Dungeon)
  8225 | D:8      | Found Emorant's Food Shop.
  8264 | D:8      | Noticed a hill giant
  8274 | D:8      | Killed a hill giant
  8274 | D:8      | Reached skill level 7 in Maces & Flails
  8404 | D:8      | Noticed Maurice
  8417 | D:8      | Killed Maurice
  8417 | D:8      | Reached skill level 8 in Maces & Flails
  8574 | D:8      | Found a glowing golden altar of the Shining One.
  8653 | D:8      | Found a staircase to the Lair.
  8671 | D:8      | Reached **** piety under Makhleb
  8712 | Lair:1   | Entered Level 1 of the Lair of Beasts
  8748 | Lair:1   | Noticed severen's ghost (novice FoEn)
  8772 | Lair:1   | Reached skill level 9 in Maces & Flails
  8785 | Lair:1   | Killed severen's ghost
  8816 | Lair:1   | You fall through a shaft!
  8825 | Lair:2   | Noticed an elephant
  8826 | Lair:2   | Noticed an elephant
  8828 | Lair:2   | Noticed an elephant
  8828 | Lair:2   | Noticed an elephant
  8856 | Lair:1   | Reached skill level 10 in Maces & Flails
  8856 | Lair:1   | Reached XP level 11. HP: 50/64 MP: 11/11
  9323 | Lair:1   | Reached skill level 11 in Maces & Flails
  9974 | Lair:1   | Reached skill level 12 in Maces & Flails
 10029 | Lair:2   | Found a staircase to the Swamp.
 10256 | Lair:2   | Reached skill level 13 in Maces & Flails
 10662 | Lair:2   | Reached XP level 12. HP: 68/68 MP: 12/12
 10971 | Lair:3   | Noticed Fannar
 11003 | Lair:3   | Killed Fannar
 11053 | Lair:3   | Reached skill level 14 in Maces & Flails
 12082 | Lair:4   | Reached ***** piety under Makhleb
 12121 | Lair:4   | Reached skill level 15 in Maces & Flails
 12267 | Lair:4   | Found a hole to the Spider Nest.
 12319 | Lair:4   | Noticed an eight-headed hydra
 12331 | Lair:4   | Killed an eight-headed hydra
 12874 | Lair:5   | Reached skill level 16 in Maces & Flails
 12922 | Lair:5   | Reached XP level 13. HP: 73/73 MP: 13/13
 13181 | Lair:5   | Reached skill level 17 in Maces & Flails
 13215 | Lair:5   | Found a dark tunnel.
 13246 | Volcano  | Entered a volcano
 13358 | Volcano  | Found a burning altar of Makhleb.
 13840 | Lair:5   | Noticed TwistedFlax's ghost (journeyman GrBe)
 13879 | Lair:5   | HP: 3/73 [TwistedFlax's ghost (3)]
 13880 | Lair:5   | Killed TwistedFlax's ghost
 14305 | Lair:5   | Found a shimmering altar of Xom.
 14529 | Lair:6   | Entered Level 6 of the Lair of Beasts
 14876 | Lair:6   | Noticed a fire dragon
 14904 | Lair:6   | Killed a fire dragon
 14906 | Lair:6   | Reached skill level 10 in Shields
 14966 | Lair:6   | Gained mutation: You are dopey. (Int -2) [potion of mutation]
 14966 | Lair:6   | Gained mutation: Your spells are a little easier to cast, but a little less powerful. [potion of mutation]
 15041 | Lair:6   | Found a staircase to the Slime Pits.
 15538 | Lair:6   | Gained mutation: Your large and strong wings let you fly indefinitely. [Gargoyle growth]
 15538 | Lair:6   | Reached XP level 14. HP: 68/80 MP: 14/14
 15934 | Lair:6   | Found a runed door.
 16074 | Lair:6   | Reached ****** piety under Makhleb
 16609 | Spider:1 | Entered Level 1 of the Spider Nest
 16644 | Spider:1 | Noticed Kirke
 16656 | Spider:1 | Killed Kirke
 16973 | Spider:1 | Noticed an emperor scorpion
 17046 | Spider:1 | Killed an emperor scorpion
 17495 | Spider:2 | Killed a ghost moth
 17507 | Spider:2 | Reached skill level 10 in Armour
 17557 | Spider:2 | Reached XP level 15. HP: 92/92 MP: 10/15
 17592 | Spider:2 | Killed a ghost moth
 17600 | Spider:2 | Reached skill level 10 in Fighting
 17691 | Spider:2 | Mangled by an entropy weaver

Vault maps used:
D:1:      saegor_arrival_simple_b, hangedman_decor_clover_reticule,
          glass_columns_a
D:2:      first_bread, uniq_jessica
D:3:      makhleb_heckhound_becter
D:4:      uniq_natasha
D:5:      grunt_ministairs_9
D:6:      lightli_corner_chamber, uniq_grinder, uniq_eustachio, uniq_sigmund
D:7:      uniq_crazy_yiuf_cottage
D:8:      nicolae_tso_besieged_by_evil, david_lair_shrubbed, serial_ice,
          serial_ice_b, serial_ice_n, serial_ice_f, serial_ice_o, serial_shops,
          kennysheep_mini_moat, david_nohive_1, minmay_misc_feat_roman,
          minmay_misc_feat_x, uniq_maurice
Lair:1:   grunt_megastairs_2, infiniplex_staircase_pool_2, lemuel_fruit_tree
Lair:2:   swamp_mist_pool
Lair:3:   serial_bayou_pond_d, uniq_fannar
Lair:4:   spider_nest_entry_webs, grunt_megastairs_1
Lair:5:   nicolae_volcano_entry_two_sided, basic_altar
Lair:6:   guppyfry_lair_end_dragon, wormcave, nicolae_slime_entry_slimehenge,
          serial_forest, infiniplex_forest_clump_small,
          infiniplex_forest_clump_C, infiniplex_forest_clump_curved,
          infiniplex_forest_lined_corner, infiniplex_forest_clump_small,
          infiniplex_forest_end_1, infiniplex_forest_clump_diagonal,
          infiniplex_forest_corner_1, infiniplex_forest_end_2
Spider:1: uniq_kirke
Volcano:  kennysheep_volcano_temple

Skill      XL: |  1  2  3  4  5  6  7  8  9 10 11 12 13 14 15 |
---------------+----------------------------------------------+-----
Short Blades   | 2 3 4 6 7 |  7.2
Armour         | 4 5 7 10 | 10.3
Shields        | 5 6 8 9 10 12 | 12.3
Fighting       | 4 5 6 9 10 | 10.1
Maces & Flails | 4 10 13 16 17 | 17.9
Dodging        | |  0.7
Stealth        | |  0.2

Action                   |  1- 3 |  4- 6 |  7- 9 | 10-12 | 13-15 || total
-------------------------+-------+-------+-------+-------+-------++-------
Melee: Rapier            |    82 |   214 |   733 |       |       ||  1029
       Mace              |       |       |    98 |   763 |  1257 ||  2118
 Abil: Fly               |       |       |       |       |     1 ||     1
  Use: Potion            |     1 |     2 |     6 |     3 |    11 ||    23
       Scroll            |     6 |     2 |     5 |     4 |     6 ||    23
 Stab: Invisible         |       |       |     1 |       |       ||     1
  Eat: Chunk             |       |     7 |    16 |    14 |    12 ||    49
       Bread ration      |       |       |     2 |       |     1 ||     3
       Beef jerky        |       |       |     1 |       |       ||     1
       Fruit             |       |       |       |     1 |       ||     1
       Royal jelly       |       |       |       |       |     1 ||     1
Armor: Scale mail        |    16 |       |       |       |       ||    16
       Gold dragon scale |    27 |   129 |   537 |   429 |   693 ||  1815
Dodge: Dodged            |     9 |     5 |    21 |    50 |   186 ||   271
Block: Shield            |    67 |   189 |   212 |       |       ||   468
       Reflection        |       |     3 |     1 |       |     3 ||     7
       Large shield      |       |       |   626 |   932 |  1490 ||  3048
       Other             |       |       |       |       |     1 ||     1
